 Dungeon Crawl Stone Soup version 0.31-a0-246-g8cbcc1cb85 (webtiles) character file.

Game seed: 1792730121793648206

289 Vomitron the Slasher (level 6, 0/53 HPs)
             Began as a Hill Orc Monk on July 12, 2023.
             Slain by Robin
             ... wielding a +0 short sword
              (5 damage)
             ... on level 2 of the Dungeon.
             The game lasted 00:03:35 (2462 turns).

Vomitron the Slasher (Hill Orc Monk)                Turns: 2462, Time: 00:03:36

Health: 0/53       AC:  6    Str: 12    XL:     6   Next: 31%
Magic:  6/6        EV:  9    Int: 10    God:
Gold:   71         SH:  0    Dex: 13    Spells: 5/5 levels left

rFire   . . .        a - +0 falchion
rCold   . . .        d - orb {light}
rNeg    . . .        r - +0 scale mail of Failure {rPois Will++ Regen+ Str-4}
rPois   +            (no helmet)
rElec   .            (no cloak)
rCorr   .            (no gloves)
SInv    .            (no boots)
Will    ++...        (no amulet) Stlth
                     (no ring)
HPRegen 1.08/turn    (no ring)
MPRegen 0.10/turn

%: no passive effects
@: glowing
A: no striking features
a: no special abilities


You were on level 2 of the Dungeon.
You visited 1 branch of the dungeon, and saw 4 of its levels.

You collected 71 gold pieces.

Inventory:

Hand Weapons
 a - a +0 falchion (weapon)
Armour
 b - a +0 robe
 d - an orb of light (worn)
 j - a +0 ring mail
 k - a +0 kite shield
 o - a +0 chain mail
 r - the +0 scale mail of Failure (worn) {rPois Will++ Regen+ Str-4}
   (You found it on level 2 of the Dungeon)

   Str:       It affects your strength (-4).
   rPois:     It protects you from poison.
   Regen:     It increases your rate of health regeneration.
   Will:      It greatly increases your willpower.
 s - a +0 scale mail of fire resistance
Jewellery
 g - an amulet of magic regeneration
 m - a ring of poison resistance
 t - a +5 ring of evasion
Scrolls
 e - a scroll of blinking {unknown}
 f - a scroll of teleportation {unknown}
 n - a scroll of identify {unknown}
 q - a scroll of immolation {unknown}
Potions
 c - a potion of ambrosia
 h - 2 potions of curing {unknown}
 i - a potion of might {unknown}
 l - 2 potions of mutation {unknown}
 p - a potion of heal wounds


   Skills:
 + Level 4.7 Fighting
 * Level 5.9 Long Blades
 * Level 3.3 Armour
 - Level 2.4 Dodging


You had 5 spell levels left.
You didn't know any spells.
Your spell library was empty.

Dungeon Overview and Level Annotations

Branches:
Dungeon (4/15)
 Temple: D:4-7

Altars:
Qazlal

Shops:
D:2 =

Annotations:
D:2 Robin
D:3 2 runed translucent doors


Message History

You closely miss Sigmund.
Sigmund is heavily wounded.
Sigmund hits you with a +2 scythe of venom.
* * * LOW HITPOINT WARNING * * *
Robin says, "Feeling lonely?"
Robin closely misses you.
Unknown command.
You hit Sigmund.
Sigmund is heavily wounded.
Sigmund hits you but does no damage. Robin hits you but does no damage.
Unknown command.
You barely miss Sigmund.
Sigmund is heavily wounded.
Robin hits you but does no damage.
Unknown command.
You completely miss Sigmund.
Sigmund is heavily wounded.
Sigmund hits you with a +2 scythe of venom.
* * * LOW HITPOINT WARNING * * *
Robin hits you with a +0 short sword.
* * * LOW HITPOINT WARNING * * *
Unknown command.
You hit Sigmund.
Sigmund is severely wounded.
Sigmund completely misses you. Robin hits you but does no damage.
Unknown command.
You slash Sigmund!
You kill Sigmund!
Robin hits you with a +0 short sword.
* * * LOW HITPOINT WARNING * * *
Your Armour skill increases to level 3!
You have reached level 6!
You hit Robin but do no damage. Robin barely misses you.
Unknown command.
You hit Robin but do no damage. Robin hits you with a +0 short sword.
* * * LOW HITPOINT WARNING * * *
You hit Robin.
Robin is lightly wounded.
Robin hits you with a +0 short sword.
You die...

..#### #..........
......# #......#
..###.# ##......# ..#
#.# #.......# ..# #.#
##.....†.# # ..#
#.###......).#.#
#..##.#........!##.#
##.##...##.....g)..#
##..#..###......@### #
#.#...........)# #
#......#####....
###......####..#.[.
#...........#.......
#.#......#.....#.....
#...........####.###.#
..........#........ .#
..................


You could see Robin.

Vanquished Creatures
  Sigmund (D:2)
  An orc wizard (D:3)
  4 adders
  2 worms (D:2)
  3 dart slugs
  6 orcs (D:3)
  4 bats
  5 endoplasms
  A giant cockroach (D:3)
  11 hobgoblins
  5 ball pythons
  A frilled lizard (D:3)
  8 goblins
  4 kobolds
  6 rats
62 creatures vanquished.

Notes
Turn   | Place    | Note
-------+----------+-------------------------------------------
     0 | D:1      | Vomitron the Hill Orc Monk began the quest for the Orb.
     0 | D:1      | Reached XP level 1. HP: 19/19 MP: 1/1
   211 | D:1      | Reached XP level 2. HP: 25/27 MP: 2/2
   430 | D:1      | Reached skill level 1 in Armour
   697 | D:2      | Noticed Sigmund
   752 | D:2      | Reached skill level 4 in Long Blades
   752 | D:2      | Reached XP level 3. HP: 22/33 MP: 3/3
  1037 | D:3      | Found a large runed translucent door.
  1038 | D:3      | Found a large runed translucent door.
  1155 | D:3      | Reached XP level 4. HP: 5/40 MP: 4/4
  1395 | D:3      | Found a stormy altar of Qazlal.
  2030 | D:4      | Reached skill level 5 in Long Blades
  2135 | D:4      | Noticed a yak
  2226 | D:2      | Reached XP level 5. HP: 44/47 MP: 5/5
  2284 | D:2      | Identified the +0 scale mail of Failure {rPois Will++
                  | Regen+ Str-4}
  2400 | D:2      | Found Biaxkis's Jewellery Shop.
  2412 | D:2      | Noticed Robin
  2459 | D:2      | Killed Sigmund
  2460 | D:2      | Reached XP level 6. HP: 5/53 MP: 6/6
  2462 | D:2      | Slain by Robin

Illustrated notes

Levels and vault maps discovered:
D:1:      onia_arrival_handbag, layout_basic
D:2:      layout_rooms, serial_shops, shop, uniq_sigmund, uniq_robin
D:3:      layout_basic, lemuel_doored_altar, jmf_multi_god_temple2
D:4:      layout_loops_corners, nemelex_xobeh_ov_fountains_minmay

Skill      XL: |  1  2  3  4  5 |
---------------+----------------+-----
Armour         | 1 3 |  3.3
Fighting       | 4 |  4.7
Long Blades    | 4 5 |  5.9
Dodging        | |  2.4

Action                     |  1- 3 |  4- 6 || total
---------------------------+-------+-------++-------
  Melee: Falchion          |    83 |   129 ||   212
    Use: Potion            |       |     2 ||     2
 Armour: Robe              |    13 |       ||    13
         Ring mail         |       |    27 ||    27
         Chain mail        |       |     4 ||     4
         Scale mail        |       |    38 ||    38
  Dodge: Dodged            |    51 |    88 ||   139

Table legend: (Time is in decaauts)
 A = Elapsed time spent in this place.
 B = Non-inter-level travel time spent in this place.
 C = Inter-level travel time spent in this place.
 D = Time resting spent in this place.
 E = Time spent auto-exploring this place.
 F = Levels seen in this place.
 G = Mean time per level.
                   A        B        C        D        E       F      G
               +--------+--------+--------+--------+--------+-----+--------+
         Total |   2479 |   2328 |    151 |    301 |   1409 |   4 |  619.8 |
       Dungeon |   2479 |   2328 |    151 |    301 |   1409 |   4 |  619.8 |
               +--------+--------+--------+--------+--------+-----+--------+

Top non-repeatable levels by time:
     D:3: 1148 daAuts
     D:1: 832 daAuts
     D:2: 307 daAuts
     D:4: 192 daAuts
